 Dungeon Crawl Stone Soup version 0.22.1-2-g9c5b331 (webtiles) character file.

180 Nigilith the Slasher (level 5, -8/39 HPs)
             Began as a Vampire Fighter on Nov 16, 2018.
             Mangled by an ogre
             ... wielding a +0 giant club
              (16 damage)
             ... on level 3 of the Dungeon.
             The game lasted 00:04:12 (1999 turns).

Nigilith the Slasher (Vampire Fighter)              Turns: 1999, Time: 00:04:13

Health: -8/39      AC:  8    Str: 16    XL:     5   Next: 33%
Magic:  5/5        EV:  6    Int: 10    God:
Gold:   239        SH:  8    Dex: 14    Spells: 4/4 levels left

rFire    . . .     SeeInvis +   a - +0 long sword
rCold    + . .     Gourm    .   c - +0 shield
rNeg     + + .     Faith    +   b - +0 scale mail
rPois    +         Spirit   .   (no helmet)
rElec    .         Reflect  .   (no cloak)
rCorr    +         Harm     .   g - +1 pair of gloves
MR       .....                  (no boots)
Stlth    +.........             i - amulet of faith
HPRegen  0.06/turn              t - ring of wizardry
MPRegen  0.09/turn              n - ring of resist corrosion

@: regenerating slowly
A: fangs 3, see invisible, unbreathing
a: Bat Form


You were on level 3 of the Dungeon.
You were thirsty.

You visited 1 branch of the dungeon, and saw 4 of its levels.

You collected 239 gold pieces.

Inventory:

Hand Weapons
 a - a +0 long sword (weapon)
Armour
 b - a +0 scale mail (worn)
 c - a +0 shield (worn)
 g - a +1 pair of gloves (worn)
Jewellery
 i - an amulet of faith (around neck)
 k - an uncursed ring of attention
 n - a ring of resist corrosion (right hand)
 t - a ring of wizardry (left hand)
Wands
 u - a wand of digging (14)
Scrolls
 f - 5 scrolls of identify
 h - 3 scrolls of remove curse
 j - 2 scrolls of teleportation {unknown}
 l - 2 scrolls of enchant armour {unknown}
 o - a scroll of enchant weapon {unknown}
 p - 4 scrolls of fog
 s - a scroll of amnesia {unknown}
 v - a scroll of blinking {unknown}
Potions
 d - a potion of might
 e - 3 potions of blood
 m - a potion of lignification {unknown}
 q - 2 potions of degeneration {unknown}
 r - a potion of brilliance {unknown}


   Skills:
 - Level 2.6 Fighting
 + Level 5.6 Long Blades
 - Level 2.4 Armour
 - Level 2.6 Shields


You had 4 spell levels left.
You didn't know any spells.
Your spell library was empty.

Dungeon Overview and Level Annotations

Branches:
Dungeon (4/15)             Temple (0/1) D:4

Altars:
Cheibriados
Fedhas

Annotations:
D:4 Sigmund


Innate Abilities, Weirdness & Mutations

You heal slowly.
You have razor-sharp teeth.
You have supernaturally acute eyesight. (SInv)
You can survive without breathing.


Message History

Sigmund flickers and vanishes for a moment.
Found 22 arrows.
The ogre hits you with a giant club.
You hit the ogre.
The ogre is lightly wounded.
The ogre hits you with a giant club!
You hit the ogre but do no damage.
The ogre is lightly wounded.
A quokka skeleton comes into view.
The ogre hits you with a giant club! Sigmund casts a spell at you.
The magic dart hits you!
* * * LOW HITPOINT WARNING * * *
There is a stone staircase leading up here.
The ogre closely misses you.
You climb upwards.
There is a stone staircase leading down here.
You see here a club.
The ogre hits you with a giant club!
You die...

##.###########.# #.#
#.# #.# #.# ##+##
#.# ##...## #.##
##.....## ###..#
#.......## ##.##.#
.........####...#.#
.........'......@.#
.........##.#...O.#
#.......###.##.#..##
##.....## #.####)..#
##...## #.##>..#.#
##+## ##.##.#.%.#
####.#####..##.#.###
...............#.#
#####'#######....#


You could see an ogre.

Vanquished Creatures
  A necrophage (D:3)
  A hound (D:3)
  An adder (D:3)
  2 leopard geckos
  An orc (D:4)
  6 bats
  2 giant cockroaches (D:2)
  5 goblins
  8 hobgoblins
  2 jackals (D:2)
  8 kobolds
  3 quokkas
  A ball python (D:3)
  2 frilled lizards
  4 rats
47 creatures vanquished.

Notes
Turn   | Place    | Note
-------+----------+-------------------------------------------
     0 | D:1      | Nigilith the Vampire Fighter began the quest for the Orb.
     0 | D:1      | Reached XP level 1. HP: 17/17 MP: 1/1
   198 | D:1      | Reached XP level 2. HP: 20/23 MP: 2/2
   245 | D:1      | Reached skill level 3 in Long Blades
   683 | D:2      | Reached XP level 3. HP: 28/28 MP: 3/3
  1324 | D:3      | Noticed a necrophage
  1329 | D:3      | Killed a necrophage
  1329 | D:3      | Reached skill level 5 in Long Blades
  1329 | D:3      | Reached XP level 4. HP: 29/34 MP: 4/4
  1397 | D:3      | Found a blossoming altar of Fedhas.
  1397 | D:3      | Found a snail-covered altar of Cheibriados.
  1589 | D:3      | Reached XP level 5. HP: 25/39 MP: 5/5
  1984 | D:4      | Found a staircase to the Ecumenical Temple.
  1986 | D:4      | Noticed an ogre
  1987 | D:4      | Noticed Sigmund
  1999 | D:3      | Mangled by an ogre

Skill      XL: |  1  2  3 |
---------------+----------+-----
Long Blades    | 3 5 |  5.6
Fighting       | |  2.6
Armour         | |  2.4
Shields        | |  2.6

Action                   |  1- 3 |  4- 6 || total
-------------------------+-------+-------++-------
Melee: Long sword        |    78 |    38 ||   116
       Bite              |    10 |     4 ||    14
  Use: Scroll            |     3 |     1 ||     4
       Potion            |       |     1 ||     1
  Eat: Corpse            |     1 |       ||     1
Armor: Scale mail        |    44 |    18 ||    62
Dodge: Dodged            |    28 |    12 ||    40
Block: Shield            |    37 |    14 ||    51
       Rpst.: Long sword |    11 |     4 ||    15
